 Dungeon Crawl Stone Soup version 0.19-a0-188-ga21aea4 (webtiles) character file.

66919 Lugonue the Carver (level 14, -16/116 HPs)
             Began as a Demonspawn Gladiator on May 22, 2016.
             Was the Champion of Makhleb.
             Demolished by a guardian serpent (19 damage)
             ... on level 8 of the Lair of Beasts on May 23, 2016.
             The game lasted 02:09:34 (19535 turns).

Lugonue the Carver (Demonspawn Gladiator)          Turns: 19535, Time: 02:09:35

Health: -16/116    AC: 12    Str: 21    XL:     14   Next: 81%
Magic:  18/30      EV: 15    Int: 21    God:    Makhleb [******]
Gold:   1985       SH:  2    Dex: 16    Spells: 8 memorised, 18 levels left

rFire  + . .     SeeInvis .     a - +7 long sword of Wondrous Power {slice, rN+ Int+8}
rCold  + . .     Gourm    .     Z - +1 robe of the Moon {rC+ rCorr Str+4}
rNeg   + . .     Faith    .     (no shield)
rPois  +         Spirit   .     (helmet restricted)
rElec  .         Dismiss  .     (no cloak)
rCorr  +         Reflect  +     (no gloves)
SustAt .         Harm     .     (no boots)
MR     ++...                    d - +2 amulet of reflection
Stlth  ++........               p - ring of poison resistance
                                T - ring of protection from magic

@: about to teleport, regenerating, very resistant to hostile enchantments,
unstealthy
A: antennae 2, iridescent scales 3, demonic guardian 1, fire resistance 1,
robust 1, strong 1, wild magic 1, sturdy frame 1
a: Minor Destruction, Lesser Servant of Makhleb, Major Destruction, Greater
Servant of Makhleb, Renounce Religion


You were on level 8 of the Lair of Beasts.
You worshipped Makhleb.
Makhleb was exalted by your worship.
You were full.

You visited 4 branches of the dungeon, and saw 22 of its levels.

You collected 2416 gold pieces.
You spent 431 gold pieces at shops.

Inventory:

Hand Weapons
 a - the +7 long sword of Wondrous Power (weapon) {slice, rN+ Int+8}
   (You found it on level 9 of the Dungeon)

   It inflicts extra damage upon your enemies.
   It affects your intelligence (+8).
   It protects you from negative energy.
 b - a +0 great sword
 E - the +0 scimitar "Togross" {elec, Str+5}
   (You bought it in a shop on level 6 of the Dungeon)

   Occasionally, upon striking a foe, it will discharge some electrical energy
   and cause terrible harm.
   It affects your strength (+5).
Armour
 z - the +4 chain mail of a bailey {Dex+3}
   (You found it on level 5 of the Dungeon)

   It affects your dexterity (+3).
 Z - the +1 robe of the Moon (worn) {rC+ rCorr Str+4}
   (You found it on level 4 of the Lair of Beasts)

   It affects your strength (+4).
   It protects you from cold.
   It protects you from acid and corrosion.
Magical Staves
 x - an uncursed staff of air
 U - an uncursed staff of wizardry
 X - an uncursed staff of fire
Jewellery
 d - a +2 amulet of reflection (around neck)
 p - a ring of poison resistance (right hand)
 I - an uncursed ring of protection from cold
 K - the ring of Nyluj {rN+ Int-5 Dex+10 SInv Stlth-}
   (You found it on level 8 of the Dungeon)

   [ring of positive energy]

   It affects your intelligence (-5).
   It affects your dexterity (+10).
   It protects you from negative energy.
   It lets you see invisible.
   It makes you less stealthy.
 T - a ring of protection from magic (left hand)
 W - an uncursed ring of sustain attributes
Wands
 i - a wand of disintegration (12/24)
 k - a wand of disintegration (14/24)
 m - a wand of digging (4/24)
 C - a wand of digging (15/24)
Scrolls
 c - 7 scrolls of amnesia
 g - a scroll of fog
 l - 8 scrolls of remove curse
 q - 4 scrolls of magic mapping
 r - 3 scrolls of teleportation
 s - 4 scrolls of identify
 F - 5 scrolls of enchant weapon
 J - a scroll of fear
 L - 2 scrolls of recharging
 P - 2 scrolls of enchant armour
Potions
 e - 5 potions of flight
 h - 2 potions of haste
 t - a potion of magic
 w - 3 potions of might
 A - 2 potions of cure mutation
 B - 3 potions of cancellation
 G - 3 potions of curing
 S - a potion of berserk rage
Books
 j - a book of Beasts

   Spells                             Type                      Level
   a - Summon Butterflies             Summoning                    1
   b - Call Canine Familiar           Summoning                    3
   c - Summon Ice Beast               Ice/Summoning                4
   d - Summon Mana Viper              Hexes/Summoning              5
   e - Summon Hydra                   Summoning                    7
 v - a book of Changes

   Spells                             Type                      Level
   a - Beastly Appendage              Transmutation                1
   b - Sticks to Snakes               Transmutation                2
   c - Spider Form                    Transmutation/Poison         3
   d - Ice Form                       Ice/Transmutation            4
   e - Blade Hands                    Transmutation                5
 y - a book of Battle

   Spells                             Type                      Level
   a - Infusion                       Charms                       1
   b - Shroud of Golubria             Charms/Translocation         2
   c - Song of Slaying                Charms                       2
   d - Spectral Weapon                Hexes/Charms                 3
   e - Regeneration                   Charms/Necromancy            3
 H - a book of Spatial Translocations

   Spells                             Type                      Level
   a - Apportation                    Translocation                1
   b - Blink                          Translocation                2
   c - Shroud of Golubria             Charms/Translocation         2
   d - Portal Projectile              Translocation                3
   e - Teleport Other                 Translocation                3
   f - Passage of Golubria            Translocation                4
 M - a book of the Dragon

   Spells                             Type                      Level
   a - Flame Tongue                   Conjuration/Fire             1
   b - Cause Fear                     Hexes                        4
   c - Bolt of Fire                   Conjuration/Fire             6
   d - Dragon Form                    Transmutation                7
   e - Dragon's Call                  Summoning                    9
 N - a book of the Sky

   Spells                             Type                      Level
   a - Summon Lightning Spire         Summoning/Air                4
   b - Airstrike                      Air                          4
   c - Silence                        Hexes/Air                    5
   d - Deflect Missiles               Charms/Air                   6
   e - Conjure Ball Lightning         Conjuration/Air              6
   f - Tornado                        Air                          9
 O - a book of Cantrips

   Spells                             Type                      Level
   a - Corona                         Hexes                        1
   b - Animate Skeleton               Necromancy                   1
   c - Summon Small Mammal            Summoning                    1
   d - Apportation                    Translocation                1
 R - a book of Frost

   Spells                             Type                      Level
   a - Freeze                         Ice                          1
   b - Throw Frost                    Conjuration/Ice              2
   c - Ozocubu's Armour               Charms/Ice                   3
   d - Throw Icicle                   Conjuration/Ice              4
   e - Summon Ice Beast               Ice/Summoning                4
 V - a book of Clouds

   Spells                             Type                      Level
   a - Mephitic Cloud                 Conjuration/Poison/Air       3
   b - Conjure Flame                  Conjuration/Fire             3
   c - Poisonous Cloud                Conjuration/Poison/Air       6
   d - Freezing Cloud                 Conjuration/Ice/Air          6
   e - Ring of Flames                 Charms/Fire                  7
Comestibles
 f - 8 bread rations
 n - a slice of pizza
 o - 4 meat rations
 u - 24 royal jellies


   Skills:
 + Level 8.8 Fighting
 - Level 14.0 Long Blades
 - Level 1.7 Throwing
 - Level 11.2 Armour
 + Level 5.2 Dodging
 + Level 12.7 Spellcasting
 * Level 2.3 Hexes
 - Level 4.0 Air Magic
 - Level 3.5 Invocations


You had 18 spell levels left.
You knew the following spells:

 Your Spells              Type           Power        Failure   Level  Hunger
a - Summon Butterflies    Summ           ###.....     10%         1    None
b - Regeneration          Chrm/Necr      ###.......   24%         3    None
c - Shroud of Golubria    Chrm/Tloc      ###.......   14%         2    None
d - Blink                 Tloc           N/A          14%         2    None
e - Mephitic Cloud        Conj/Pois/Air  ###.....     14%         3    None
f - Spectral Weapon       Hex/Chrm       ###.....     17%         3    None
g - Conjure Flame         Conj/Fire      ###.....     24%         3    None
h - Teleport Other        Tloc           ###.....     24%         3    None


Dungeon Overview and Level Annotations

Branches:
Dungeon (11/15)            Temple (1/1) D:4            Lair (8/8) D:8
 Shoals (0/4) Lair:5        Snake (0/4) Lair:6        Slime (0/6) Lair:8
    Orc (2/2) D:9             Elf (0/3) Orc:2

Altars:
Ashenzari
Fedhas
Kikubaaqudgha
Makhleb
Nemelex Xobeh
Okawaru
Pakellas
Qazlal
Ru
Trog
Vehumet
Xom
Yredelemnul
The Shining One
Beogh

Shops:
D:6 (   Orc:2 !:(?(


Innate Abilities, Weirdness & Mutations

You have a pair of antennae on your head.
You are completely covered in iridescent scales. (AC +8)
A weak demonic guardian rushes to your aid.
Your flesh is heat resistant. (rF+)
You are robust. (+10% HP)
Your muscles are strong. (Str +2)
Your spells are a little harder to cast, but a little more powerful.
Your movements are slightly less encumbered by armour. (ER -2)


Message History

* * * LOW HITPOINT WARNING * * *
The hornet completely misses the hornet.
Your ufetubus closely misses the guardian serpent.
Your ufetubus hits the guardian serpent.
The hornet is engulfed in noxious fumes.
The hornet appears confused.
The hornet stings the hornet!
The hornet is poisoned.
The hornet seems to slow down.
The black mamba bites you!
* * * LOW HITPOINT WARNING * * *
Drink which item? (? for menu, Esc to quit)
You feel better. The black mamba closely misses you.
The hornet is engulfed in noxious fumes.
The guardian serpent hits you!
* * * LOW HITPOINT WARNING * * *
Your ufetubus hits the guardian serpent but does no damage.
Your ufetubus misses the guardian serpent.
The black mamba bites you.
* * * LOW HITPOINT WARNING * * *
The guardian serpent hits you!!
You die...

....P....##...##....##...##..P...
..........##...#....#...##...PPP.
......P..†.##..## #..# ....PP..
............##.†# .|# .....P..
P....###.....##.## ..###...
.......###....#..### ##.P
.........###.....y.## #.. #..
...........###.#y§..####...$ #..
.............###@P5........! #..
.............###SSP........[ #..
...........###.#....####..%$ ###
.####....###/..##..##..###.. #P#
## #..###...%.#######)..###{##..
######.....#†.# #.##....###P..
##..P......##..# #."##......P..
##.#.P.....##..## ##..##........
..........##...#....#...##...P...


You could see 2 hornets, a guardian serpent, a black mamba and a friendly
ufetubus.

Vanquished Creatures
  Maud (Lair:5)
  A fire dragon (Lair:8)
  The ghost of Kidiri the Thaumaturge, a journeyman HEFE of Vehumet (Lair:6)
  An ogre mage (Orc:2)
  A hydra (Lair:6)
  Erolcha (D:10)
  Erica (Lair:1)
  7 death yaks
  An orc high priest (Orc:1)
  The ghost of Duffy the Nimble, a novice DEFE of Sif Muna (D:10)
  A skeletal warrior (D:11)
  An unseen horror (D:10)
  2 hill giants
  2 lindwurms (Lair:8)
  3 orc knights
  A wolf spider (Lair:8)
  7 orc sorcerers (Orc:2)
  2 oklob plants (Lair:8)
  2 griffons
  11 elephants
  9 black mambas
  6 torpor snails
  19 spiny frogs
  A rime drake (Lair:5)
  6 komodo dragons
  4 trolls
  A queen bee (Lair:2)
  4 giant leeches (Lair:8)
  Grinder (D:3)
  A polar bear (Lair:7)
  A boulder beetle (Lair:8)
  12 blink frogs
  11 wyverns
  21 yaks
  3 basilisks
  6 hippogriffs
  3 nagas (Lair:6)
  3 wargs (Orc:2)
  A soldier ant (D:8)
  25 water moccasins
  13 porcupines
  17 orc warriors
  2 eyes of draining
  6 wasps
  2 ice beasts
  2 black bears
  An elephant zombie (Lair:5)
  5 sky beasts
  2 necrophages (D:9)
  2 phantoms
  11 wolves
  6 ogres
  A centaur (D:10)
  17 crocodiles
  A big kobold (D:10)
  Blork the orc (D:4)
  8 giant frogs
  A scorpion (D:9)
  23 killer bees (Lair:2)
  The ghost of Duffy the Ruffian, a weakling MiTm (D:4)
  5 howler monkeys
  2 electric eels (Lair:5)
  5 crimson imps
  A quasit (D:6)
  5 hounds
  A basilisk zombie (Lair:5)
  4 jellies
  5 orc priests
  4 giant frog skeletons
  A gnoll shaman (Orc:2)
  5 iguanas
  22 orc wizards
  Natasha (twice) (D:2)
  10 worker ants
  13 sheep
  A crocodile zombie (Lair:5)
  A hound zombie (D:9)
  A hound skeleton (D:9)
  Robin (D:3)
  15 gnolls
  15 adders
  69 river rats
  4 shadow imps
  An ooze (D:2)
  An adder skeleton (D:8)
  21 worms
  2 dart slugs (D:1)
  8 giant geckos
  51 orcs
  6 bats
  5 giant cockroaches
  16 goblins
  8 hobgoblins
  9 jackals
  14 kobolds
  4 quokkas
  2 giant gecko zombies (D:6)
  5 giant newts
  11 rats
  A plant (Lair:8)
665 creatures vanquished.

Vanquished Creatures (collateral kills)
  An ogre mage (Orc:2)
  3 hydras
  Fannar (D:10)
  5 death yaks
  A necromancer (Lair:5)
  2 orc sorcerers (Orc:2)
  4 elephants
  A komodo dragon (Lair:7)
  Sigmund (D:2)
  A wyvern (Lair:8)
  10 yaks
  A hippogriff (D:8)
  The ghost of Kidiri the Magician, an amateur HEFE (D:3)
  4 orc warriors
  4 ogres
  3 wolves (Lair:7)
  A giant frog (Lair:3)
  An electric eel (Lair:5)
  5 orc priests
  6 orc wizards
  Natasha (D:2)
  A worker ant (Lair:8)
  A sheep (Lair:8)
  A river rat (Lair:2)
  A worm (Lair:8)
  10 orcs
  3 goblins (D:4)
  A fungus (Lair:6)
  A plant (Lair:5)
76 creatures vanquished.

Vanquished Creatures (others)
  A spiny frog (Lair:8)
  A basilisk zombie (Lair:5)
  2 orcs
  86 fungi
  57 plants (Lair:8)
  11 spectral weapons
158 creatures vanquished.

Grand Total: 899 creatures vanquished

Notes
Turn   | Place    | Note
--------------------------------------------------------------
     0 | D:1      | Lugonue the Demonspawn Gladiator began the quest for the Orb.
     0 | D:1      | Reached XP level 1. HP: 16/16 MP: 1/1
    32 | D:1      | Reached skill level 3 in Long Blades
    94 | D:1      | Gained mutation: You are partially covered in iridescent scales. (AC +4) [demonic ancestry]
    94 | D:1      | Reached XP level 2. HP: 19/22 MP: 2/2
   737 | D:1      | Reached XP level 3. HP: 21/27 MP: 3/3
   984 | D:2      | Reached skill level 4 in Long Blades
  1012 | D:2      | Noticed Sigmund
  1231 | D:3      | Reached XP level 4. HP: 33/33 MP: 4/4
  1280 | D:3      | Noticed Grinder
  1285 | D:3      | Paralysed by Grinder for 3 turns
  1312 | D:3      | Paralysed by Grinder for 3 turns
  1328 | D:3      | Killed Grinder
  1328 | D:3      | Reached skill level 6 in Long Blades
  1328 | D:3      | Gained mutation: You are mostly covered in iridescent scales. (AC +6) [demonic ancestry]
  1328 | D:3      | Reached XP level 5. HP: 5/38 MP: 5/5
  1328 | D:3      | Gained mutation: A weak demonic guardian rushes to your aid. [demonic ancestry]
  1328 | D:3      | Reached XP level 6. HP: 6/44 MP: 6/6
  1577 | D:3      | Noticed Robin
  1587 | D:3      | Killed Robin
  1621 | D:3      | Noticed Kidiri's ghost (amateur HEFE)
  1676 | D:2      | Killed Sigmund
  2091 | D:2      | Reached skill level 7 in Long Blades
  2194 | D:2      | Noticed Natasha
  2201 | D:2      | Killed Natasha
  2225 | D:2      | Noticed Natasha
  2238 | D:2      | Killed Natasha
  2275 | D:2      | Noticed Natasha
  2280 | D:2      | Killed Natasha
  2280 | D:2      | Reached XP level 7. HP: 50/50 MP: 7/7
  2424 | D:2      | Found a bloodstained altar of Trog.
  2544 | D:4      | Noticed Duffy's ghost (weakling MiTm)
  2642 | D:4      | Killed Duffy's ghost
  2679 | D:4      | Found an ancient bone altar of Kikubaaqudgha.
  2679 | D:4      | Found a sacrificial altar of Ru.
  2789 | D:4      | Noticed Blork the orc
  2806 | D:4      | Killed Blork the orc
  2815 | D:4      | Reached skill level 8 in Long Blades
  3063 | D:4      | Learned a level 1 spell: Summon Butterflies
  3085 | D:4      | Found a basalt altar of Yredelemnul.
  3116 | D:4      | Found a staircase to the Ecumenical Temple.
  3125 | Temple   | Entered the Ecumenical Temple
  3148 | Temple   | Became a worshipper of Makhleb the Destroyer
  3398 | D:5      | Entered Level 5 of the Dungeon
  3492 | D:3      | Gained mutation: You have a pair of small antennae on your head. [demonic ancestry]
  3492 | D:3      | Reached XP level 8. HP: 54/56 MP: 8/8
  3511 | D:3      | Reached skill level 9 in Long Blades
  3539 | D:3      | Reached * piety under Makhleb
  3777 | D:3      | Killed Kidiri's ghost
  4191 | D:5      | Reached ** piety under Makhleb
  4313 | D:5      | Found an iron altar of Okawaru.
  4355 | D:5      | Reached skill level 1 in Armour
  4383 | D:5      | Found a stormy altar of Qazlal.
  4839 | D:5      | Got a translucent chain mail
  4840 | D:5      | Identified the +4 chain mail of a bailey {Dex+3} (You found it on level 5 of the Dungeon)
  4845 | D:5      | Learned a level 3 spell: Regeneration
  4852 | D:5      | Learned a level 2 spell: Shroud of Golubria
  5156 | D:6      | Found an oddly glowing altar of Pakellas.
  5665 | D:6      | Found Vyodiush's Antique Weapon Boutique.
  5670 | D:6      | Bought a translucent scimitar for 207 gold pieces
  5670 | D:6      | Identified the cursed +0 scimitar "Togross" {elec, Str+5} (You bought it in a shop on level 6 of the Dungeon)
  5872 | D:6      | Found an oddly glowing altar of Pakellas.
  6237 | D:7      | Gained mutation: You have a pair of antennae on your head. [demonic ancestry]
  6237 | D:7      | Reached XP level 9. HP: 66/66 MP: 4/9
  6251 | D:7      | Reached *** piety under Makhleb
  6277 | D:7      | Learned a level 2 spell: Blink
  6400 | D:7      | Reached skill level 10 in Long Blades
  6404 | D:7      | Reached skill level 5 in Fighting
  6590 | D:8      | Found a staircase to the Lair.
  6704 | D:8      | Got a translucent iron ring
  6727 | D:8      | Identified the ring of Nyluj {rN+ Int-5 Dex+10 SInv Stlth-} (You found it on level 8 of the Dungeon)
  7370 | D:9      | Reached skill level 5 in Armour
  7468 | D:9      | Got an encrusted long sword
  7498 | D:9      | Gained mutation: Your muscles are strong. (Str +2) [potion of mutation]
  7498 | D:9      | Gained mutation: Your spells are a little harder to cast, but a little more powerful. [potion of mutation]
  7498 | D:9      | Gained mutation: Your movements are slightly less encumbered by armour. (ER -2) [potion of mutation]
  7504 | D:9      | Found a staircase to the Orcish Mines.
  7516 | D:9      | Identified the +7 long sword of Wondrous Power {slice, rN+ Int+8} (You found it on level 9 of the Dungeon)
  7630 | D:9      | Reached **** piety under Makhleb
  7643 | D:9      | Reached XP level 10. HP: 38/75 MP: 5/10
  8063 | D:9      | Found a sparkling altar of Nemelex Xobeh.
  8172 | D:10     | Entered Level 10 of the Dungeon
  8177 | D:10     | Noticed Fannar
  8245 | Lair:1   | Entered Level 1 of the Lair of Beasts
  8302 | Lair:1   | Noticed a spiny frog
  8310 | Lair:1   | Killed a spiny frog
  8388 | Lair:1   | Noticed a spiny frog
  8406 | Lair:1   | Killed a spiny frog
  8437 | Lair:1   | Noticed a spiny frog
  8451 | Lair:1   | Killed a spiny frog
  8451 | Lair:1   | Reached skill level 11 in Long Blades
  8732 | Lair:1   | Found a shimmering altar of Xom.
  8881 | Lair:1   | Noticed Erica
  8890 | Lair:1   | Killed Erica
  8890 | Lair:1   | Reached XP level 11. HP: 65/80 MP: 11/11
  9043 | Lair:1   | Reached skill level 10 in Armour
  9047 | Lair:1   | Reached ***** piety under Makhleb
  9247 | Lair:2   | Noticed a seven-headed hydra
  9264 | Lair:2   | Killed an eight-headed hydra
  9410 | Lair:2   | Reached skill level 12 in Long Blades
 11201 | Lair:4   | Got a twisted robe
 11204 | Lair:4   | Identified the cursed +1 robe of the Moon {rC+ rCorr Str+4} (You found it on level 4 of the Lair of Beasts)
 11457 | Lair:4   | Reached skill level 1 in Spellcasting
 11514 | Lair:4   | Gained mutation: Your flesh is heat resistant. (rF+) [demonic ancestry]
 11514 | Lair:4   | Reached XP level 12. HP: 84/88 MP: 12/14
 11807 | Lair:4   | Reached ****** piety under Makhleb
 11836 | Lair:5   | Reached skill level 13 in Long Blades
 11867 | Lair:5   | Noticed a death yak
 11868 | Lair:5   | Noticed a death yak
 11868 | Lair:5   | Noticed a death yak
 11869 | Lair:5   | Noticed a death yak
 11887 | Lair:5   | Killed a death yak
 11895 | Lair:5   | Killed a death yak
 11905 | Lair:5   | Killed a death yak
 11915 | Lair:5   | Killed a death yak
 11987 | Lair:5   | Noticed Maud
 12004 | Lair:5   | Killed Maud
 12008 | Lair:5   | Noticed a death yak
 12013 | Lair:5   | Noticed a death yak
 12016 | Lair:5   | Noticed a death yak
 12020 | Lair:5   | Noticed a death yak
 12022 | Lair:5   | Killed a death yak
 12045 | Lair:5   | Killed a death yak
 12231 | Lair:6   | Noticed Kidiri's ghost (journeyman HEFE)
 12259 | Lair:6   | Killed Kidiri's ghost
 12385 | Lair:6   | Reached skill level 14 in Long Blades
 12425 | Lair:6   | Got an ichor-stained ring mail
 12624 | Orc:1    | Entered Level 1 of the Orcish Mines
 12837 | D:10     | Killed Fannar
 12837 | D:10     | Reached skill level 1 in Invocations
 12918 | D:10     | Learned a level 3 spell: Mephitic Cloud
 12922 | D:10     | Learned a level 3 spell: Spectral Weapon
 13135 | D:10     | Noticed Duffy's ghost (novice DEFE)
 13143 | D:10     | Killed Duffy's ghost
 13177 | D:10     | Noticed Erolcha
 13201 | D:10     | Killed Erolcha
 13759 | D:10     | Gained mutation: You are robust. (+10% HP) [demonic ancestry]
 13759 | D:10     | Reached XP level 13. HP: 93/107 MP: 19/19
 14071 | Orc:1    | Reached skill level 5 in Spellcasting
 14392 | Orc:2    | Entered Level 2 of the Orcish Mines
 14506 | Orc:2    | Found a staircase to the Elven Halls.
 14527 | Orc:2    | Found a radiant altar of Vehumet.
 14688 | Orc:2    | Found Vaas's Distillery.
 15077 | Orc:2    | Found Vyloehau's Antique Weapon Emporium.
 15092 | Orc:2    | Found Cylachuts's Book Shoppe.
 15164 | Orc:2    | Found an ancient bone altar of Kikubaaqudgha.
 15225 | Orc:2    | Found Fujottan's Magic Scroll Shoppe.
 15258 | Orc:2    | Found a radiant altar of Vehumet.
 15346 | Orc:2    | Reached skill level 1 in Air Magic
 15347 | Orc:2    | Found a roughly hewn altar of Beogh.
 15371 | Orc:2    | Found Zisedato's Antique Weapon Emporium.
 15419 | Orc:2    | Bought a scroll of enchant armour for 112 gold pieces
 15419 | Orc:2    | Bought a scroll of enchant armour for 112 gold pieces
 15828 | Lair:5   | Found a staircase to the Shoals.
 16474 | Lair:6   | Learned a level 3 spell: Conjure Flame
 16664 | Lair:6   | Reached skill level 10 in Spellcasting
 16671 | Lair:6   | Found a staircase to the Snake Pit.
 16959 | Lair:6   | Identified the +1 ring mail of the Illusory Lives {rF+ Stlth+} (You found it on level 6 of the Lair of Beasts)
 17263 | Lair:7   | Gained mutation: You are completely covered in iridescent scales. (AC +8) [demonic ancestry]
 17263 | Lair:7   | Reached XP level 14. HP: 111/116 MP: 20/28
 17276 | Lair:8   | Entered Level 8 of the Lair of Beasts
 17951 | Lair:7   | Got a pitted mace
 17953 | Lair:7   | Identified the +9 mace "Vuvul" {flame, rF++ rC- Str+4} (You found it on level 7 of the Lair of Beasts)
 18261 | Lair:8   | Learned a level 3 spell: Teleport Other
 18567 | Lair:8   | Found a runed door.
 18921 | Lair:8   | Found a sparkling altar of Nemelex Xobeh.
 19001 | Lair:8   | Found a staircase to the Slime Pits.
 19088 | Lair:8   | Upgraded the game from 0.19-a0-172-g3b1235c to 0.19-a0-188-ga21aea4
 19367 | Lair:8   | Reached skill level 1 in Hexes
 19381 | Lair:8   | Reached skill level 5 in Dodging
 19535 | Lair:8   | HP: 4/116 [guardian serpent (15)]
 19535 | Lair:8   | Demolished by a guardian serpent

Vault maps used:
D:1:      dpeg_arrival_pits
D:2:      first_bread, trog_hazing_becter, uniq_natasha, uniq_sigmund
D:3:      tgw_xom, gup_sewer_entry_spiral, uniq_robin, uniq_grinder
D:4:      lemuel_doored_altar, gammafunk_temple_overflow_elements,
          minmay_temple_entry_statues_pillars, minmay_misc_feat_four_crosses,
          minmay_ogre_servants, uniq_blork_the_orc
D:5:      kennysheep_mini, grunt_qazlal_sundering
D:6:      nicolae_overflow_crystal_walls, serial_shops, kennysheep_little_box,
          grunt_pakellas_mercury
D:8:      lair_0_dummy, hangedman_pestilent_swarm, kennysheep_generic_room_11
D:9:      lemuel_round_altar, david_orc_1_choice
D:10:     grunt_ministairs_1, uniq_erolcha, uniq_fannar
Temple:   oiseaux_autumnal_temple_12
Lair:1:   basic_altar, uniq_erica
Lair:2:   grunt_megastairs_1, serial_bayou_shore_b, lemuel_fruit_tree
Lair:4:   nicolae_volcano_entry_s_turn, serial_bayou_shore_b
Lair:5:   pond_and_an_island_with_a_cottage, elwin_shoals_entry_rocks,
          serial_bayou_shore_a, uniq_maud
Lair:6:   minmay_snake_entry_guardpost_small
Lair:7:   roderic_lost_polar_bear
Lair:8:   hangedman_lair_tendril_chambers, wormcave,
          minmay_slime_entry_oklob_open, basic_altar, grunt_megastairs_2
Orc:1:    minmay_orc_treasury
Orc:2:    kennysheep_orc_mage_school, basic_altar, serial_shops, shop

Skill      XL: |  1  2  3  4  5  6  7  8  9 10 11 12 13 14 |
---------------+-------------------------------------------+-----
Long Blades    | 3 4 6 7 8 9 10 11 12 14 | 14.0
Armour         | 3 6 9 11 | 11.2
Fighting       | 4 5 6 8 |  8.8
Spellcasting   | 1 4 10 12 | 12.7
Invocations    | 2 3 |  3.5
Dodging        | 3 4 5 |  5.2
Air Magic      | 2 4 |  4.0
Hexes          | 2 |  2.3
Throwing       | |  1.7

Action                   |  1- 3 |  4- 6 |  7- 9 | 10-12 | 13-15 || total
-------------------------+-------+-------+-------+-------+-------++-------
Melee: Long sword        |   123 |   148 |   485 |   746 |   923 ||  2425
       Scimitar          |       |       |   123 |       |       ||   123
Throw: Throwing net      |       |       |     9 |     1 |       ||    10
 Cast: Summon Butterflie |       |       |     3 |     1 |     2 ||     6
       Blink             |       |       |       |     2 |     7 ||     9
       Shroud of Golubri |       |       |       |     5 |    27 ||    32
       Mephitic Cloud    |       |       |       |       |    34 ||    34
       Spectral Weapon   |       |       |       |       |    32 ||    32
       Regeneration      |       |       |       |       |    19 ||    19
       Teleport Other    |       |       |       |       |     1 ||     1
Invok: Lesser Servant of |       |       |       |     8 |    18 ||    26
       Minor Destruction |       |       |       |     2 |    14 ||    16
       Greater Servant o |       |       |       |       |     2 ||     2
Evoke: Wand              |       |       |       |     6 |     2 ||     8
  Use: Scroll            |     1 |     1 |    19 |     7 |    10 ||    38
       Potion            |       |     6 |     1 |     8 |     3 ||    18
 Stab: Sleeping          |     3 |     1 |     2 |       |     1 ||     7
       Distracted        |       |     1 |     3 |     5 |    11 ||    20
       Held in net/web   |       |       |     2 |       |       ||     2
       Confused          |       |       |       |       |    16 ||    16
  Eat: Chunk             |     1 |     1 |     3 |     9 |     9 ||    23
       Meat ration       |       |     1 |     2 |       |     2 ||     5
       Beef jerky        |       |       |     2 |     3 |     1 ||     6
       Fruit             |       |       |     1 |     1 |     8 ||    10
       Bread ration      |       |       |       |     1 |       ||     1
       Royal jelly       |       |       |       |     1 |       ||     1
Armor: Leather armour    |    48 |    49 |   183 |       |       ||   280
       Skin              |       |     1 |       |       |       ||     1
       Storm dragon armo |       |       |    24 |    45 |       ||    69
       Chain mail        |       |       |       |   173 |       ||   173
       Robe              |       |       |       |    70 |   227 ||   297
Dodge: Dodged            |    83 |    94 |   318 |   337 |   509 ||  1341
Block: Other             |       |       |       |    23 |    34 ||    57
